 Dungeon Sprint DCSS version 0.27.1 (webtiles) character file.

Game seed: 3469499808752234646

786 styxcanada the Unseen (level 7, -11/57 HPs)
             Began as a Spriggan Brigand on Aug 31, 2021.
             Was an Initiate of Gozag.
             Killed from afar by a burning bush (14 damage)
             ... with a puff of flame
             ... in the Dungeon (Sprint IV: "Fedhas' Mad Dash").
             The game lasted 00:02:15 (204 turns).

styxcanada the Unseen (Spriggan Brigand)             Turns: 204, Time: 00:02:16

Health: -11/57     AC:  4    Str:  7    XL:     7   Next: 56%
Magic:  8/8        EV: 22    Int: 12    God:    Gozag
Gold:   135        SH:  0    Dex: 19    Spells: 6/6 levels left

rFire    . . .     SeeInvis +   a - +2 dagger
rCold    . . .     Faith    .   (shield restricted)
rNeg     . . .     Spirit   .   b - +0 robe
rPois    .         Reflect  .   (helmet restricted)
rElec    .         Harm     .   o - +1 cloak
rCorr    .         Rampage  .   (gloves unavailable)
Will     +....     NoTele   +   (boots unavailable)
Stlth    ..........             l - amulet of invisibility {+Inv}
HPRegen  0.19/turn              (no ring)
MPRegen  0.11/turn              (no ring)

@: berserking (expiring), very slightly contaminated, very quick
A: very small, no large weapons, unfitting armour, see invisible, speed 3
a: Renounce Religion, Evoke Invisibility, Potion Petition, Call Merchant, Bribe
Branch


You were in the Dungeon.
You worshipped Gozag.
Gozag was aware of your devotion.
You visited 1 branch You collected 340 gold pieces.
You spent 205 gold pieces at shops.

Inventory:

Hand Weapons
 a - a +2 dagger (weapon)
Missiles
 d - 8 poisoned darts (quivered)
 e - 2 curare-tipped darts
Armour
 b - a +0 robe (worn)
 o - a +1 cloak (worn)
Jewellery
 l - the amulet of invisibility (around neck) {+Inv}
   (You found it in the Dungeon)

   [amulet of nothing]

   +Inv:      It lets you turn invisible.
Scrolls
 k - a scroll of blinking
 m - 2 scrolls of enchant weapon {unknown}
 n - 2 scrolls of identify
Potions
 f - a potion of curing
 g - a potion of heal wounds
 h - a potion of haste
 i - 2 potions of magic


   Skills:
 * Level 4.8 Fighting
 + Level 3.6 Short Blades
 + Level 3.4 Throwing
 * Level 7.7 Dodging
 * Level 19.7 Stealth
 + Level 4.1 Evocations


You had 6 spell levels left.
You didn't know any spells.
Your spell library was empty.

Dungeon Overview and Level Annotations

Branches:
Dungeon (1/1)

Altars:
Cheibriados
Dithmenos
Elyvilon
Gozag
Hepliaklqana
Kikubaaqudgha
Makhleb
Nemelex Xobeh
Okawaru
Qazlal
Ru
Sif Muna
Trog
Uskayaw
Vehumet
Wu Jian
Xom
Yredelemnul
Zin
The Shining One
Beogh
Jiyva
Lugonu

Shops:
D ?[


Innate Abilities, Weirdness & Mutations

You are very small and have problems with some larger weapons.
You are too small for most types of armour.
You have supernaturally acute eyesight. (SInv)
You cover ground extremely quickly. (Speed+++)


Message History

The burning bush is lightly damaged.
You hit the burning bush but do no damage.
The burning bush is lightly damaged.
The burning bush throws fire at you. The puff of flame misses you.
You hit the burning bush but do no damage.
The burning bush is lightly damaged.
You hit the burning bush but do no damage.
The burning bush is lightly damaged.
You hit the burning bush but do no damage.
The burning bush is lightly damaged.
The burning bush throws fire at you. The puff of flame hits you!!
You hit the burning bush but do no damage.
The burning bush is lightly damaged.
You hit the burning bush but do no damage.
The burning bush is lightly damaged.
You completely miss the burning bush.
The burning bush is lightly damaged.
The burning bush throws fire at you. The puff of flame hits you!
* * * LOW HITPOINT WARNING * * *
A red film seems to cover your vision as you go berserk!
You feel yourself moving faster!
You feel mighty! The burning bush throws fire at you.
The puff of flame misses you.
You hit the burning bush but do no damage.
The burning bush is lightly damaged.
You hit the burning bush.
The burning bush is lightly damaged.
You puncture the burning bush!
The burning bush is moderately damaged.
You puncture the burning bush!
The burning bush is severely damaged.
You hit the burning bush.
The burning bush is severely damaged.
The burning bush throws fire at you. The puff of flame hits you!
You die...
Your body crumbles into a pile of gold.

###################
_._.⌠.#.['.))#.$..#
._._..'..#...#.$@P+$
_._...#..###'##.$!#
$$
._._..#.(##∩∩['..$#
_._.⌠.#############
####### $ $ $


You could see a burning bush.

Vanquished Creatures
  2 wandering mushrooms (D)
  3 scorpions (D)
  3 oklob saplings (D)
  2 spriggans (D)
  A river rat (D)
  A rat (D)
12 creatures vanquished.

Notes
Turn   | Place    | Note
-------+----------+-------------------------------------------
     0 | D        | styxcanada the Spriggan Brigand began the quest for the
                  | Orb.
     0 | D        | Reached XP level 1. HP: 10/10 MP: 2/2
     9 | D        | Reached skill level 8 in Stealth
     9 | D        | Reached XP level 2. HP: 15/15 MP: 3/3
    12 | D        | Noticed an oklob sapling
    14 | D        | Killed an oklob sapling
    15 | D        | Reached skill level 10 in Stealth
    15 | D        | Reached XP level 3. HP: 18/18 MP: 4/4
    16 | D        | Noticed a scorpion
    16 | D        | Found the amulet of invisibility {+Inv}
    18 | D        | Killed a scorpion
    19 | D        | Reached skill level 12 in Stealth
    19 | D        | Reached XP level 4. HP: 23/23 MP: 5/5
    40 | D        | Found an opulent altar of Gozag.
    40 | D        | Found a hazy altar of Hepliaklqana.
    40 | D        | Found a burning altar of Makhleb.
    40 | D        | Found a sparkling altar of Nemelex Xobeh.
    40 | D        | Found a sacrificial altar of Ru.
    40 | D        | Found a shimmering blue altar of Sif Muna.
    40 | D        | Found an ornate altar of the Wu Jian Council.
    40 | D        | Found a shimmering altar of Xom.
    40 | D        | Found a basalt altar of Yredelemnul.
    41 | D        | Found a viscous altar of Jiyva.
    41 | D        | Found a snail-covered altar of Cheibriados.
    41 | D        | Found a bloodstained altar of Trog.
    42 | D        | Found an iron altar of Okawaru.
    42 | D        | Found a shadowy altar of Dithmenos.
    42 | D        | Found a glowing silver altar of Zin.
    43 | D        | Found an ancient bone altar of Kikubaaqudgha.
    43 | D        | Found a hide-covered altar of Uskayaw.
    44 | D        | Found a stormy altar of Qazlal.
    44 | D        | Found a white marble altar of Elyvilon.
    44 | D        | Found a glowing golden altar of the Shining One.
    45 | D        | Became a worshipper of Gozag Ym Sagoz the Greedy
    46 | D        | Found a corrupted altar of Lugonu.
    46 | D        | Found a radiant altar of Vehumet.
    50 | D        | Reached skill level 13 in Stealth
    50 | D        | Reached XP level 5. HP: 28/28 MP: 3/6
    62 | D        | Reached skill level 5 in Dodging
    62 | D        | Reached skill level 14 in Stealth
    95 | D        | Reached skill level 1 in Evocations
    96 | D        | Reached skill level 15 in Stealth
    98 | D        | Reached skill level 16 in Stealth
    98 | D        | Reached XP level 6. HP: 33/33 MP: 4/7
   112 | D        | Found Qulimix's Armour Shop.
   112 | D        | Found Xeag's Magic Scroll Emporium.
   118 | D        | Bought 2 scrolls of identify for 56 gold pieces
   119 | D        | Bought a +1 cloak for 149 gold pieces
   160 | D        | Noticed a burning bush
   160 | D        | Noticed a wandering mushroom
   161 | D        | Noticed a wandering mushroom
   165 | D        | Killed a wandering mushroom
   166 | D        | Reached skill level 18 in Stealth
   166 | D        | Killed a wandering mushroom
   167 | D        | Reached skill level 19 in Stealth
   167 | D        | Reached XP level 7. HP: 38/38 MP: 5/8
   198 | D        | HP: 1/38 [burning bush/puff of flame (13)]
   204 | D        | Killed from afar by a burning bush

Illustrated notes

Levels and vault maps discovered:
D:        dungeon_sprint_fedhas [sprint_temple]

Skill      XL: |  1  2  3  4  5  6  7 |
---------------+----------------------+-----
Dodging        | 2 3 4 5 7 |  7.7
Stealth        | 8 10 12 13 16 19 | 19.7
Fighting       | 2 3 4 |  4.8
Short Blades   | 3 |  3.6
Evocations     | 1 3 4 |  4.1
Throwing       | 3 |  3.4

Action                   |  1- 3 |  4- 6 |  7- 9 || total
-------------------------+-------+-------+-------++-------
Melee: Dagger            |     4 |     8 |    36 ||    48
 Abil: Evoke Invisibilit |       |     3 |       ||     3
  Use: Potion            |       |       |     1 ||     1
 Stab: Sleeping          |     3 |     7 |     1 ||    11
Dodge: Dodged            |     1 |       |     5 ||     6
